 Dungeon Crawl Stone Soup version 0.31-a0-1025-g2e47921a08 (webtiles) character file.

Game seed: 408086815560769697

53 Anon1729 the Trooper (level 3, 0/34 HPs)
             Began as a Minotaur Monk on Nov 17, 2023.
             Slain by Ijyb
             ... wielding a +1 antimagic dagger
              (5 damage)
             ... on level 3 of the Dungeon.
             The game lasted 00:00:50 (1734 turns).

Anon1729 the Trooper (Minotaur Monk)                Turns: 1734, Time: 00:00:51

Health: 0/34       AC:  3    Str: 15    XL:     3   Next: 64%
Magic:  2/2        EV: 13    Int:  7    God:
Gold:   181        SH:  0    Dex: 14    Spells: 2/2 levels left

rFire   . . .        a - +0 falchion
rCold   . . .        d - orb {light}
rNeg    . . .        b - +0 robe
rPois   .            (helmet restricted)
rElec   .            (no cloak)
rCorr   .            i - +0 pair of gloves
SInv    .            (no boots)
Will    .....        (no amulet)
Stlth   +            (no ring)
HPRegen 0.25/turn    (no ring)
MPRegen 0.08/turn

%: no passive effects
@: mighty, glowing
A: horns 2, retaliatory headbutt
a: no special abilities


You were on level 3 of the Dungeon.
You visited 1 branch of the dungeon, and saw 3 of its levels.

You collected 181 gold pieces.

Inventory:

Hand Weapons
 a - a +0 falchion (weapon)
Armour
 b - a +0 robe (worn)
 d - an orb of light (worn)
 i - a +0 pair of gloves (worn)
Scrolls
 e - a scroll of fog {unknown}
 f - 2 scrolls of teleportation {unknown}
 j - 2 scrolls of identify {unknown}
 k - a scroll of enchant armour {unknown}
 l - a scroll of revelation {unknown}
Potions
 h - a potion of mutation {unknown}


   Skills:
 + Level 4.4 Fighting
 + Level 4.3 Long Blades
 + Level 4.0 Dodging


You had 2 spell levels left.
You didn't know any spells.
Your spell library contained the following spells:

 Spells                   Type           Power      Damage    Failure   Level
 Wereblood                Tmut           0%         N/A       56%         2
 Olgreb's Toxic Radiance  Pois           0%         N/A       99%         4
 Irradiate                Conj/Tmut      0%         3d11      100%        5
 Discord                  Hex            0%         N/A       100%        8
 Ignition                 Fire           0%         3d3       100%        8


Dungeon Overview and Level Annotations

Branches:
Dungeon (3/15)

Altars:
Wu Jian
Xom

Annotations:
D:3 Ijyb, Robin


Innate Abilities, Weirdness & Mutations

You have a pair of horns on your head.
You reflexively headbutt those who attack you in melee.


Message History

The hobgoblin hits you but does no damage.
Robin barely misses you. The goblin hits you with a +0 club.
* * * LOW HITPOINT WARNING * * *
Okay, then.
You closely miss the hobgoblin. Your headbutt misses the hobgoblin.
The hobgoblin misses you. The goblin hits you with a +0 club.
Ijyb hits you with a +1 antimagic dagger.
* * * LOW HITPOINT WARNING * * *
You feel your power leaking away. Robin closely misses you.
It was a potion of curing.
You feel better.
You feel less invigorated. Ijyb closely misses you. The hobgoblin misses you.
The goblin hits you with a +0 club. Robin throws the goblin at you!
You closely miss the goblin. You headbutt the goblin.
You kill the goblin!
The goblin hits you with a +0 club. Robin closely misses you.
The hobgoblin misses you. Ijyb closely misses you.
Your Dodging skill increases to level 4!
You barely miss Ijyb.
Ijyb is lightly wounded.
The hobgoblin no longer looks unusually strong.
The goblin no longer looks unusually strong.
Ijyb closely misses you.
The hobgoblin hits you but does no damage.
Robin hits you from afar with a +0 spear.
* * * LOW HITPOINT WARNING * * *
The goblin hits you with a +0 club.
* * * LOW HITPOINT WARNING * * *
The hobgoblin attacks as it pursues you!
The hobgoblin misses you.
Robin roars a battlecry!
The goblins go into a battle-frenzy!
Ijyb closely misses you. You furiously retaliate!
You headbutt Ijyb!
Things that are here:
a +0 dagger; a goblin corpse It was a potion of might.
You feel very mighty all of a sudden. The goblin misses you.
Ijyb hits you with a +1 antimagic dagger.
You die...

.......# ######.# #
#.# .# #.## ..#
#.##. #####..#
#.##.#######......#
#.##...........#.###
#.####.....gg.......
#..........@g†....#
###....######†g.....
#....# .......
#....# .......
#....# .......
#....# .......
####.# ...^... #.#
....... .#


You could see Ijyb (strong), Robin, a hobgoblin (strong) and a goblin (strong).

Vanquished Creatures
  An adder (D:3)
  2 ball pythons
  3 bats
  4 endoplasms
  4 giant cockroaches
  5 hobgoblins
  6 jackals (D:1)
  5 kobolds (D:2)
  A frilled lizard (D:1)
  4 goblins
  2 rats (D:1)
37 creatures vanquished.

Notes
Turn   | Place    | Note
-------+----------+-------------------------------------------
     0 | D:1      | Anon1729 the Minotaur Monk began the quest for the Orb.
     0 | D:1      | Reached XP level 1. HP: 19/19 MP: 0/0
    86 | D:1      | Reached XP level 2. HP: 24/27 MP: 1/1
   605 | D:2      | Reached XP level 3. HP: 32/33 MP: 2/2
   616 | D:2      | Found an ornate altar of the Wu Jian Council.
  1547 | D:3      | Found a shimmering altar of Xom.
  1717 | D:3      | Noticed Robin
  1718 | D:3      | Noticed Ijyb
  1734 | D:3      | Slain by Ijyb

Illustrated notes

Levels and vault maps discovered:
D:1:      hellmonk_arrival_library, layout_rooms
D:2:      layout_loops_ring, basic_altar, minivault_4, minivault_14,
          chequers_serial_rivers_room_a
D:3:      layout_basic, marbit_many_paths, nicolae_goblin_pals

Skill      XL: |  1  2  3 |
---------------+----------+-----
Fighting       | 4 |  4.4
Long Blades    | 4 |  4.3
Dodging        | 4 |  4.0

Action                     || total
---------------------------++-------
  Melee: Falchion          ||    67
         Headbutt          ||    10
    Use: Potion            ||     3
 Armour: Robe              ||    52
  Dodge: Dodged            ||    59

Table legend: (Time is in decaauts)
 A = Elapsed time spent in this place.
 B = Non-inter-level travel time spent in this place.
 C = Inter-level travel time spent in this place.
 D = Time resting spent in this place.
 E = Time spent auto-exploring this place.
 F = Levels seen in this place.
 G = Mean time per level.
                   A        B        C        D        E       F      G
               +--------+--------+--------+--------+--------+-----+--------+
         Total |   1740 |   1616 |    124 |      0 |   1435 |   3 |  580.0 |
       Dungeon |   1740 |   1616 |    124 |      0 |   1435 |   3 |  580.0 |
               +--------+--------+--------+--------+--------+-----+--------+

Top non-repeatable levels by time:
     D:2: 903 daAuts
     D:1: 533 daAuts
     D:3: 303 daAuts
